 Dungeon Crawl Stone Soup version 0.28-a0-1080-g05a166d0ed (webtiles) character file.

Game seed: 2939330538627271393

70 Redcow54321 the Magician (level 4, -2/31 HPs)
             Began as a Djinni Fire Elementalist on Dec 9, 2021.
             Slain by an ogre (29 damage)
             ... on level 3 of the Dungeon.
             The game lasted 00:07:49 (3799 turns).

Redcow54321 the Magician (Djinni Fire Elementalist) Turns: 3799, Time: 00:07:51

Health: -2/31      AC:  2    Str:  7    XL:     4   Next: 45%
Gold:   169        EV: 12    Int: 19    God:
                   SH:  0    Dex: 13

rFire   + + .      SeeInvis .   (no weapon)
rCold   x . .      Faith    .   (no shield)
rNeg    . . .      Spirit   .   a - +0 robe
rPois   ∞          Reflect  .   (no helmet)
rElec   .          Harm     .   (no cloak)
rCorr   .          Rampage  .   (no gloves)
Will    .....                   (boots unavailable)
Stlth   ++........              (no amulet)
HPRegen 0.10/turn               (no ring)
MPRegen 0.00/turn               (no ring)

@: flying
A: sickness immunity, fire resistance 2, cold vulnerability 1, float, innate
caster, hp casting, extra vitality 1
a: no special abilities


You were on level 3 of the Dungeon.
You visited 1 branch of the dungeon, and saw 3 of its levels.

You collected 169 gold pieces.

Inventory:

Armour
 a - a +0 robe (worn)
Scrolls
 c - 2 scrolls of fog {unknown}
 d - 3 scrolls of identify {unknown}
 e - a scroll of teleportation {unknown}
 f - a scroll of amnesia {unknown}
 g - a scroll of holy word {unknown}
Potions
 b - a potion of resistance {unknown}
 h - a potion of lignification {unknown}


   Skills:
 - Level 2.1 Dodging
 - Level 1.5 Stealth
 + Level 3.8 Spellcasting


You couldn't memorise any spells.
You knew the following spells:

 Your Spells              Type           Power      Damage    Failure   Level
a - Foxfire               Conj/Fire      72%        2x1d7     2%          1
b - Scorch                Fire           36%        2d7       4%          2
c - Conjure Flame         Conj/Fire      18%        6-21      9%          3
d - Inner Flame           Hex/Fire       18%        N/A       9%          3
e - Flame Wave            Conj/Fire      18%        2d5       28%         4
f - Pain                  Necr           72%        1d7       2%          1
Your spell library was empty.

Dungeon Overview and Level Annotations

Branches:
Dungeon (3/15)

Altars:


Innate Abilities, Weirdness & Mutations

You are immune to sickness and miasma.
You are immune to poison.
Your flesh is very heat resistant. (rF++)
You are vulnerable to cold. (rC-)
You float through the air rather than walking.
You learn spells naturally, not from books.
Your magical power is your life essence.
You have superior vitality. (+4 HP)


Message History

Confirm with . or Enter, or press ? or * to list all spells.
You conjure some foxfire!
Casting: Foxfire (safe; 2% risk of failure)
Confirm with . or Enter, or press ? or * to list all spells.
You conjure some foxfire!
Casting: Foxfire (safe; 2% risk of failure)
Confirm with . or Enter, or press ? or * to list all spells.
You conjure some foxfire!
The foxfire hits the ball python.
You kill the ball python!
Casting: Foxfire (safe; 2% risk of failure)
Confirm with . or Enter, or press ? or * to list all spells.
You don't know that spell.
Your foxfire dissipates!
Your foxfire dissipates! x2
An ogre comes into view. It is wielding a +0 giant club.
Found a book of Maledictions.
The ogre shouts!
An ogre is nearby!
Casting: Foxfire (safe; 2% risk of failure)
Confirm with . or Enter, or press ? or * to list all spells.
You conjure some foxfire!
The foxfire hits the ogre.
The ogre is lightly wounded.
The foxfire hits the ogre.
The ogre is lightly wounded.
A bat comes into view.
Casting: Foxfire (safe; 2% risk of failure)
Confirm with . or Enter, or press ? or * to list all spells.
You conjure some foxfire!
The foxfire hits the ogre.
The ogre is moderately wounded.
The foxfire hits the ogre but does no damage.
The ogre is moderately wounded.
Casting: Foxfire (safe; 2% risk of failure)
Confirm with . or Enter, or press ? or * to list all spells.
Flames lash the bat.
You kill the bat!
The ogre hits you with a +0 giant club!!
Ouch! That really hurt!
You die...

#.#>....####............
#.#####..#...#.#..#....#
#..........###....#....#
##......#..............#
#......#.####.........#
#........# #..#.#....##
#......### #.#.........
#.......# ..#.........
#....§@.# ..........#
#####§O.## #........#
#....# ##.#...### #....#
..#......## #......
...........
#..................
#................#.
#................#.
#................##


You could see an ogre.

Vanquished Creatures
  8 dart slugs (D:3)
  6 bats
  4 endoplasms
  3 giant cockroaches
  3 goblins
  6 hobgoblins
  4 jackals
  3 quokkas
  2 ball pythons (D:3)
  A frilled lizard (D:3)
  6 kobolds
  3 rats
49 creatures vanquished.

Vanquished Creatures (others)
  122 foxfires
122 creatures vanquished.

Grand Total: 171 creatures vanquished

Notes
Turn   | Place    | Note
-------+----------+-------------------------------------------
     0 | D:1      | Redcow54321 the Djinni Fire Elementalist began the quest
                  | for the Orb.
     0 | D:1      | Reached XP level 1. HP: 15/15 MP: 0/0
   227 | D:1      | Reached XP level 2. HP: 8/21 MP: 0/0
   431 | D:1      | Found a faded altar of an unknown god.
   433 | D:1      | Noticed a floating eye
   562 | D:1      | Noticed a floating eye
   566 | D:1      | Noticed a great orb of eyes
   566 | D:1      | Noticed an eye of devastation
   746 | D:1      | Reached skill level 3 in Spellcasting
  1432 | D:1      | Reached XP level 3. HP: 22/25 MP: 0/0
  1432 | D:1      | Learned a level 1 spell: Pain
  3260 | D:3      | Reached XP level 4. HP: 24/31 MP: 0/0
  3794 | D:3      | Noticed an ogre
  3799 | D:3      | Slain by an ogre

Illustrated notes

Levels and vault maps discovered:
D:1:      amcnicky_arrival_blooded_trapdoor, layout_basic,
          hellmonk_ecumenical_altar_watching_god
D:2:      cheibrodos_old_hovel, layout_basic
D:3:      kennysheep_slugbush, layout_rooms

Skill      XL: |  1  2 |
---------------+-------+-----
Spellcasting   | 3 |  3.8
Dodging        | |  2.1
Stealth        | |  1.5

Action                   |  1- 3 |  4- 6 || total
-------------------------+-------+-------++-------
Melee: Unarmed           |     3 |     1 ||     4
 Cast: Foxfire           |    44 |    31 ||    75
       Scorch            |    17 |     2 ||    19
       Pain              |     8 |       ||     8
Armor: Robe              |    12 |       ||    12
Dodge: Dodged            |    18 |       ||    18

Table legend: (Time is in decaauts)
 A = Elapsed time spent in this place.
 B = Non-inter-level travel time spent in this place.
 C = Inter-level travel time spent in this place.
 D = Time resting spent in this place.
 E = Time spent auto-exploring this place.
 F = Levels seen in this place.
 G = Mean time per level.
                   A        B        C        D        E       F      G
               +--------+--------+--------+--------+--------+-----+--------+
         Total |   3798 |   3736 |     62 |      0 |   3424 |   3 | 1266.0 |
       Dungeon |   3798 |   3736 |     62 |      0 |   3424 |   3 | 1266.0 |
               +--------+--------+--------+--------+--------+-----+--------+

Top non-repeatable levels by time:
     D:1: 1746 daAuts
     D:2: 1245 daAuts
     D:3: 806 daAuts
